 Dungeon Crawl Stone Soup version 0.30-a0-46-g5a63ccc183 (webtiles) character file.

Game seed: 2038117304763252643

43 IdlyInterested the Caller (level 3, -2/43 HPs)
             Began as a Demonspawn Wanderer on Sept 1, 2022.
             Slain by Crazy Yiuf
             ... wielding a +3 quarterstaff of chaos
              (8 damage)
             ... on level 2 of the Dungeon.
             The game lasted 00:04:42 (2298 turns).

IdlyInterested the Caller (Demonspawn Wanderer)     Turns: 2298, Time: 00:04:43

Health: -2/43      AC:  7    Str: 11    XL:     3   Next: 37%
Magic:  0/5        EV: 12    Int: 14    God:
Gold:   54         SH:  0    Dex: 14    Spells: 4/5 levels left

rFire   . . .      SeeInvis .    a - +0 quarterstaff
rCold   . . .      Faith    .    (shield currently unavailable)
rNeg    . . .      Spirit   .    h - +1 leather armour
rPois   .          Reflect  .    i - +0 helmet
rElec   .          Harm     .    b - +0 cloak
rCorr   .          Rampage  .    (no gloves)
Will    .....                    f - +0 pair of boots
Stlth   ..........               (no amulet)
HPRegen 0.14/turn                (no ring)
MPRegen 0.09/turn                (no ring)

@: berserking, lethally poisoned (-2 -> -6), very quick
A: ignite blood 1
a: no special abilities


You were on level 2 of the Dungeon.
You visited 1 branch of the dungeon, and saw 2 of its levels.

You collected 54 gold pieces.

Inventory:

Hand Weapons
 a - a +0 quarterstaff (weapon)
 g - a +0 spear
 j - a +0 dagger
 l - a +0 short sword
 q - a +1 vorpal war axe
Armour
 b - a +0 cloak (worn)
 d - a +0 robe
 f - a +0 pair of boots (worn)
 h - a +1 leather armour (worn)
 i - a +0 helmet (worn)
 n - a +0 helmet
 p - a +0 ring mail
Scrolls
 c - a scroll of vulnerability
Potions
 e - a potion of haste
 k - a potion of mutation
 m - a potion of attraction
 r - a potion of brilliance {unknown}


   Skills:
 - Level 3.0 Fighting
 - Level 1.0 Staves
 + Level 2.2 Dodging
 + Level 1.6 Spellcasting
 * Level 3.8 Summonings


You had 4 spell levels left.
You knew the following spells:

 Your Spells              Type           Power      Damage    Failure   Level
a - Summon Small Mammal   Summ           44%        N/A       7%          1

Your spell library contained the following spells:

 Spells                   Type           Power      Damage    Failure   Level
 Animate Armour           Summ/Erth      12%        N/A       82%         4
 Summon Lightning Spire   Summ/Air       6%         N/A       82%         4


Dungeon Overview and Level Annotations

Branches:
Dungeon (2/15)

Altars:

Annotations:
D:2 Crazy Yiuf


Innate Abilities, Weirdness & Mutations

Your demonic aura sometimes causes spilled blood to erupt in flames.


Message History

There is a stone staircase leading down here.
Crazy Yiuf shouts!
You see here a +0 hammer.
You see here a +0 hammer.
Okay, then.
You open the door.
Crazy Yiuf laughs, "Snurf!
Mama shrimp snockshim."
Crazy Yiuf attacks as you move away! Crazy Yiuf closely misses you.
You see here a +0 hammer.
Crazy Yiuf attacks as you move away! Crazy Yiuf misses you.
Crazy Yiuf attacks as you move away!
Crazy Yiuf hits you with a +3 quarterstaff of chaos!
You feel your power leaking away.
Casting: Summon Small Mammal (safe; 7% risk of failure)
Press: ? - help, Q - select action Dir - look around, f - activate Crazy Yiuf cries, "You leg down broken song, no?"
Crazy Yiuf hits you with a +3 quarterstaff of chaos!
You are lethally poisoned!
It was a potion of berserk rage.
A red film seems to cover your vision as you go berserk!
You feel yourself moving faster!
You feel mighty!
You feel very sick. Crazy Yiuf misses you.
You completely miss Crazy Yiuf.
You feel sick.
Crazy Yiuf hits you with a +3 quarterstaff of chaos.
* * * LOW HITPOINT WARNING * * *
Your quokka bites Crazy Yiuf.
You closely miss Crazy Yiuf.
Crazy Yiuf is lightly wounded.
You feel sick.
Crazy Yiuf whimpers, "Action!"
Crazy Yiuf hits you with a +3 quarterstaff of chaos.
* * * LOW HITPOINT WARNING * * *
Your quokka closely misses Crazy Yiuf.
You barely miss Crazy Yiuf.
Crazy Yiuf is lightly wounded.
* * * LOW HITPOINT WARNING * * *
You feel sick.
Crazy Yiuf hits you with a +3 quarterstaff of chaos!
You die...

#.#
#..>......#####.##
#.#
##.####............
#.# #..#
#..........##
#.###.##
#..#........#
#.##...##
#..########.#
####....# #..# #(#
#....# #..##### #.#
#.#..# #......# #.#
##r@.#
#..###.####.# ##g##
#..##........ ##.#
#..##..#####. #.##
#..##..####.. ##)#
#..##.......# #)##
#..##..####.. #'#
#.###.<#####. )))
#.###..#..... #...#
#............


You could see Crazy Yiuf (ally target) and a friendly quokka (summoned).

Vanquished Creatures
  An adder (D:2)
  A dart slug (D:1)
  4 ball pythons
  3 bats (D:1)
  2 endoplasms (D:2)
  4 giant cockroaches
  3 goblins
  5 hobgoblins
  A quokka (D:2)
  2 kobolds (D:2)
  2 rats
28 creatures vanquished.

Notes
Turn   | Place    | Note
-------+----------+-------------------------------------------
     0 | D:1      | IdlyInterested the Demonspawn Wanderer began the quest for
                  | the Orb.
     0 | D:1      | IdlyInterested set off with the following items: a +0
                  | quarterstaff, a +0 cloak, a scroll of vulnerability, a +0
                  | robe; and the following spell memorised: Summon Small
                  | Mammal; and the following spells available to memorise:
                  | Animate Armour, Summon Lightning Spire.
     0 | D:1      | Reached XP level 1. HP: 18/18 MP: 2/2
   385 | D:1      | Gained mutation: Your demonic aura sometimes causes spilled
                  | blood to erupt in flames. [demonic ancestry]
   385 | D:1      | Reached XP level 2. HP: 24/24 MP: 3/3
  1488 | D:2      | Found a faded altar of an unknown god.
  1781 | D:2      | Reached XP level 3. HP: 29/29 MP: 5/5
  1986 | D:2      | Found a runed translucent door.
  1987 | D:2      | Noticed Crazy Yiuf
  2298 | D:2      | Slain by Crazy Yiuf

Illustrated notes

Levels and vault maps discovered:
D:1:      wheals_arrival_linesprint, layout_basic, minmay_pentomino_w2
D:2:      layout_loops_ring, shapermc_ecumenical_altar_ellora,
          uniq_crazy_yiuf_cottage

Skill      XL: |  1 |
---------------+----+-----
Dodging        | 2 |  2.2
Fighting       | |  3.0
Staves         | |  1.0
Spellcasting   | |  1.6
Summonings     | |  3.8

Action                   || total
-------------------------++-------
Melee: Quarterstaff      ||    74
 Cast: Summon Small Mamm ||     1
  Use: Scroll            ||     5
       Potion            ||     1
Armor: Leather armour    ||    24
       Robe              ||     2
Dodge: Dodged            ||    46

Table legend: (Time is in decaauts)
 A = Elapsed time spent in this place.
 B = Non-inter-level travel time spent in this place.
 C = Inter-level travel time spent in this place.
 D = Time resting spent in this place.
 E = Time spent auto-exploring this place.
 F = Levels seen in this place.
 G = Mean time per level.
                   A        B        C        D        E       F      G
               +--------+--------+--------+--------+--------+-----+--------+
         Total |   2316 |   2171 |    145 |    345 |   1443 |   2 | 1158.0 |
       Dungeon |   2316 |   2171 |    145 |    345 |   1443 |   2 | 1158.0 |
               +--------+--------+--------+--------+--------+-----+--------+

Top non-repeatable levels by time:
     D:1: 1406 daAuts
     D:2: 909 daAuts
